 Dungeon Crawl Stone Soup version 0.18-a0-1692-g516f9e9 (webtiles) character file.

443 Nonononoyes the Skirmisher (level 6, -13/53 HPs)
             Began as a Demonspawn Wizard on Apr 5, 2016.
             Mangled by an orc warrior
             ... wielding a +4 vampiric long sword
              (18 damage)
             ... on level 4 of the Dungeon.
             The game lasted 00:05:21 (2337 turns).

Nonononoyes the Skirmisher (Demonspawn Wizard)      Turns: 2337, Time: 00:05:22

Health: -13/53     AC: 11    Str:  9      XL:     6   Next: 71%
Magic:  10/10      EV:  0    Int: 20      God:
Gold:   128        SH:  0    Dex: 10 (11) Spells: 1 memorised, 10 levels left

rFire  . . .     SeeInvis .     p - +0 hand axe
rCold  . . .     Gourm    .     m - +0 plate armour
rNeg   . . .     Faith    .     (no shield)
rPois  .         Spirit   .     b - +1 hat
rElec  .         Dismiss  .     (no cloak)
rCorr  .         Reflect  .     (no gloves)
SustAt .         Harm     .     (no boots)
MR     .....                    (no amulet)
Stlth  ..........               (no ring)
                                (no ring)

@: not resistant to hostile enchantments, extremely unstealthy
A: horns 2, spiny 2
a: no special abilities


You were on level 4 of the Dungeon.
You were not hungry.

You visited 1 branch of the dungeon, and saw 4 of its levels.

You collected 128 gold pieces.

Inventory:

Hand Weapons
 e - a +0 dagger
 l - a +0 spear
 p - a +0 hand axe (weapon)
Armour
 a - a +0 robe
 b - a +1 hat (worn)
 k - a +0 ring mail
 m - a +0 plate armour (worn)
Scrolls
 f - 2 scrolls of identify
 i - a scroll of fear {unknown}
 j - a scroll of random uselessness {unknown}
 n - 2 scrolls of noise {unknown}
 q - a scroll of immolation
 t - a scroll of magic mapping
 u - 2 scrolls of amnesia {unknown}
Potions
 o - a potion of flight
Books
 c - a book of Minor Magic

   Spells                             Type                      Level
   a - Magic Dart                     Conjuration                  1
   b - Blink                          Translocation                2
   c - Call Imp                       Summoning                    2
   d - Repel Missiles                 Charms/Air                   2
   e - Slow                           Hexes                        2
   f - Conjure Flame                  Conjuration/Fire             3
   g - Mephitic Cloud                 Conjuration/Poison/Air       3
Comestibles
 d - a bread ration
 g - 2 chunks of flesh
 s - a beef jerky


   Skills:
 + Level 6.6 Fighting
 - Level 1.7 Dodging
 - Level 1.7 Stealth
 - Level 3.0 Spellcasting
 - Level 2.1 Conjurations
   Level 1.0 Summonings
   Level 0.8 Translocations


You had 10 spell levels left.
You knew the following spells:

 Your Spells              Type           Power        Failure   Level  Hunger
a - Magic Dart            Conj           ##..         100%        1    None


Dungeon Overview and Level Annotations

Branches:
Dungeon (4/15)
 Temple: D:4-7

Altars:
Gozag


Innate Abilities, Weirdness & Mutations

You have a pair of horns on your head.
You are mostly covered in sharp spines.


Message History

You closely miss the orc warrior.
The orc warrior is heavily wounded.
The orc warrior hits you with a vampiric long sword.
* * * LOW HITPOINT WARNING * * *
The orc warrior draws strength from your injuries!
You hit the orc warrior but do no damage.
You headbutt the orc warrior.
The orc warrior is severely wounded.
The orc warrior is struck by your spines.
The orc warrior hits you with a vampiric long sword.
* * * LOW HITPOINT WARNING * * *
You hit the orc warrior but do no damage.
The orc warrior is almost dead.
The orc warrior hits you with a vampiric long sword.
* * * LOW HITPOINT WARNING * * *
The orc warrior draws strength from your injuries!
Your plate armour prevents you from hitting the orc warrior.
The orc warrior is almost dead.
The orc warrior hits you with a vampiric long sword!!
You die...

#### ###.##### ..#
#.......# #.#
#.#.###.##
####$######.#.......
##..............##.##
#.......####...[##.#
#..##.#.# #.....#.# .
#..)#.# #.......#
#..#@##.# ###.#####
#. #o##.# #.# #
#o##.# #.# .....# #+#
#.# ## #.# ... ...


You could see an orc warrior and an orc.

Vanquished Creatures
  The ghost of feelmyfire the Covered, an amateur MiFi (D:3)
  A centaur (D:3)
  An orc priest (D:3)
  4 orc wizards (D:3)
  Natasha (D:2)
  4 adders (D:3)
  4 dart slugs
  6 orcs
  11 bats
  A giant cockroach (D:2)
  10 goblins
  9 hobgoblins
  8 jackals (D:3)
  5 kobolds
  6 rats
72 creatures vanquished.

Notes
Turn   | Place    | Note
--------------------------------------------------------------
     0 | D:1      | Nonononoyes the Demonspawn Wizard began the quest for the Orb.
     0 | D:1      | Reached XP level 1. HP: 13/13 MP: 4/4
    15 | D:1      | Noticed a polar bear
    15 | D:1      | Noticed a crocodile
    15 | D:1      | Noticed a black mamba
    15 | D:1      | Noticed a swamp worm
    15 | D:1      | Noticed a wolf
   155 | D:1      | Gained mutation: You are partially covered in sharp spines. [demonic ancestry]
   155 | D:1      | Reached XP level 2. HP: 13/19 MP: 0/6
   345 | D:1      | Reached skill level 1 in Fighting
   780 | D:2      | Gained mutation: You are mostly covered in sharp spines. [demonic ancestry]
   780 | D:2      | Reached XP level 3. HP: 25/27 MP: 7/7
   827 | D:2      | Reached skill level 2 in Fighting
  1098 | D:2      | Noticed Natasha
  1105 | D:2      | Killed Natasha
  1105 | D:2      | Reached skill level 3 in Fighting
  1105 | D:2      | Gained mutation: You have a pair of small horns on your head. [demonic ancestry]
  1105 | D:2      | Reached XP level 4. HP: 28/35 MP: 8/8
  1290 | D:3      | Reached skill level 4 in Fighting
  1323 | D:3      | Noticed feelmyfire's ghost (amateur MiFi)
  1324 | D:3      | Reached XP level 5. HP: 41/42 MP: 9/9
  1344 | D:3      | HP: 2/42 [feelmyfire's ghost (9)]
  1346 | D:3      | Killed feelmyfire's ghost
  1346 | D:3      | Reached skill level 5 in Fighting
  1667 | D:3      | Found an opulent altar of Gozag.
  1808 | D:3      | Gained mutation: You have a pair of horns on your head. [demonic ancestry]
  1808 | D:3      | Reached XP level 6. HP: 50/51 MP: 10/10
  2075 | D:3      | Reached skill level 6 in Fighting
  2318 | D:4      | Noticed an orc warrior
  2337 | D:4      | Mangled by an orc warrior

Vault maps used:
D:1:      onia_arrival_zoo_common
D:2:      uniq_natasha
D:3:      nicolae_gozag_seed_capital
D:4:      gammafunk_temple_overflow_elements, minmay_temple_entry_from_below_b,
          serial_shops, shop

Skill      XL: |  1  2  3  4  5  6 |
---------------+-------------------+-----
Conjurations   | 2 |  2.1
Fighting       | 1 3 4 5 6 |  6.6
Dodging        | |  1.7
Stealth        | |  1.7
Spellcasting   | |  3.0
Summonings     | |  1.0
Translocations | |  0.8

Action                   |  1- 3 |  4- 6 || total
-------------------------+-------+-------++-------
Melee: Dagger            |     8 |       ||     8
       Unarmed           |     4 |       ||     4
       Spear             |    36 |    70 ||   106
       Hand axe          |       |    21 ||    21
 Cast: Magic Dart        |    18 |       ||    18
  Use: Potion            |     1 |     7 ||     8
       Scroll            |       |     4 ||     4
  Eat: Chunk             |       |     5 ||     5
